| TOP OF THE 1ST |
|
London Majors batting - Pitching for Winnipeg Goldeyes : LHP Ricky Lopez
|
|
Pitching: LHP Ricky Lopez
|
|
|
Batting: RHB Dustin Bargman
|
0-0: Ball 1-0: Ground out 4-3 (Groundball, 4, EV 84.4 MPH)
|
|
Batting: RHB Mike Chamberlain
|
0-0: Called Strike 0-1: Ball 1-1: DOUBLE (Line Drive, 89D, EV 105.6 MPH)
|
|
Batting: RHB John Rios
|
0-0: Ball Passed Ball! Mike Chamberlain to third 1-0: Ball 2-0: SINGLE (Groundball, 4MD, EV 100.6 MPH) (infield hit) Mike Chamberlain scores
|
|
Batting: RHB Jake Bronner
|
0-0: Called Strike 0-1: SINGLE (Groundball, 56D, EV 94.4 MPH) John Rios to second
|
|
Batting: RHB Luis Vargas
|
0-0: Fly out, F9 (Flyball, 89M, EV 76.9 MPH)
|
|
Batting: RHB Mikey Sano
|
0-0: Called Strike 0-1: Foul Ball, location: 2F 0-2: Ball 1-2: Foul Ball, location: 2F 1-2: Strikes out swinging
|
| Top of the 1st over - 1 run, 3 hits, 0 errors, 2 left on base; London 1 - Winnipeg 0 |
| BOTTOM OF THE 1ST |
|
Winnipeg Goldeyes batting - Pitching for London Majors : RHP Jon Thomason
|
|
Pitching: RHP Jon Thomason
|
|
|
Batting: LHB Dave Bertheau
|
0-0: Ball 1-0: Called Strike 1-1: Ball 2-1: Ground out 6-3 (Groundball, 6, EV 86.2 MPH)
|
|
Batting: RHB Chris Bejarano
|
0-0: Ball 1-0: Ball 2-0: Foul Ball, location: 2F 2-1: Ball 3-1: Foul Ball, location: 2F 3-2: Strikes out swinging
|
|
Batting: LHB George Roben
|
0-0: Ball 1-0: Foul Ball, location: 2F 1-1: Called Strike 1-2: Ball 2-2: Ball 3-2: Base on Balls
|
|
Batting: RHB Terry Oetker
|
0-0: Foul Ball, location: 2F 0-1: Swinging Strike 0-2: Foul Ball, location: 2F 0-2: Ball 1-2: Strikes out swinging
|
| Bottom of the 1st over - 0 runs, 0 hits, 0 errors, 1 left on base; London 1 - Winnipeg 0 |
| TOP OF THE 2ND |
|
London Majors batting - Pitching for Winnipeg Goldeyes : LHP Ricky Lopez
|
|
Batting: RHB Terry Plumley
|
0-0: Called Strike 0-1: Ground out 4-3 (Groundball, 34, EV 106.9 MPH)
|
|
Batting: RHB Bobby Roldan
|
0-0: Ball 1-0: Ball 2-0: Ball 3-0: Called Strike 3-1: Foul Ball, location: 2F 3-2: Strikes out swinging
|
|
Batting: SHB Toby Patenaude
|
0-0: Ball 1-0: Called Strike 1-1: Foul Ball, location: 2F 1-2: Strikes out swinging
|
| Top of the 2nd over - 0 runs, 0 hits, 0 errors, 0 left on base; London 1 - Winnipeg 0 |
| BOTTOM OF THE 2ND |
|
Winnipeg Goldeyes batting - Pitching for London Majors : RHP Jon Thomason
|
|
Batting: RHB Alexandre Garcia
|
0-0: Foul Ball, location: 2F 0-1: Foul Ball, location: 2F 0-2: Strikes out looking
|
|
Batting: SHB Ed Mosqueda
|
0-0: Ground out 4-3 (Groundball, 4, EV 98.1 MPH)
|
|
Batting: LHB Shaun Price
|
0-0: Ball 1-0: Ball 2-0: Swinging Strike 2-1: Foul Ball, location: 2F 2-2: Strikes out looking
|
| Bottom of the 2nd over - 0 runs, 0 hits, 0 errors, 0 left on base; London 1 - Winnipeg 0 |
| TOP OF THE 3RD |
|
London Majors batting - Pitching for Winnipeg Goldeyes : LHP Ricky Lopez
|
|
Batting: RHB Dustin Bargman
|
0-0: Ball 1-0: Foul Ball, location: 2F 1-1: Foul Ball, location: 2F 1-2: Ball 2-2: Ball 3-2: Base on Balls
|
|
Batting: RHB Mike Chamberlain
|
0-0: Called Strike 0-1: Ball 1-1: TRIPLE (Flyball, 89XD, EV 103.8 MPH) Dustin Bargman scores
|
|
Batting: RHB John Rios
|
0-0: Foul Ball, location: 2F 0-1: Called Strike 0-2: Ball 1-2: Ball 2-2: Foul Ball, location: 2F 2-2: Ground out 5-3 (Groundball, 56, EV 98.1 MPH) Mike Chamberlain scores
|
|
Batting: RHB Jake Bronner
|
0-0: Fly out, F3 (Popup, 3F, EV 60.0 MPH)
|
|
Batting: RHB Luis Vargas
|
0-0: Called Strike 0-1: Foul Ball, location: 2F 0-2: Ball 1-2: Ball 2-2: Foul Ball, location: 2F 2-2: Strikes out looking
|
| Top of the 3rd over - 2 runs, 1 hit, 0 errors, 0 left on base; London 3 - Winnipeg 0 |
| BOTTOM OF THE 3RD |
|
Winnipeg Goldeyes batting - Pitching for London Majors : RHP Jon Thomason
|
|
Batting: RHB Nestor Moreno
|
0-0: Ball 1-0: Swinging Strike 1-1: Foul Ball, location: 2F 1-2: Ball 2-2: Strikes out swinging
|
|
Batting: RHB Hisao Takei
|
0-0: Ball 1-0: Called Strike 1-1: Foul Ball, location: 2F 1-2: Foul Ball, location: 2F 1-2: Foul Ball, location: 2F 1-2: Ball 2-2: Ball 3-2: Foul Ball, location: 2F 3-2: Foul Ball, location: 2F 3-2: Base on Balls
|
|
Batting: LHB Dave Bertheau
|
0-0: Called Strike 0-1: Foul Ball, location: 2F 0-2: Ball 1-2: Strikes out swinging
|
|
Batting: RHB Chris Bejarano
|
0-0: Swinging Strike 0-1: Ball 1-1: Ball 2-1: Foul Ball, location: 2F 2-2: Foul Ball, location: 2F 2-2: Ball 3-2: Ground out 6-3 (Groundball, 6, EV 85.6 MPH)
|
| Bottom of the 3rd over - 0 runs, 0 hits, 0 errors, 1 left on base; London 3 - Winnipeg 0 |
| TOP OF THE 4TH |
|
London Majors batting - Pitching for Winnipeg Goldeyes : LHP Ricky Lopez
|
|
Batting: RHB Mikey Sano
|
0-0: Called Strike 0-1: Ball 1-1: Foul Ball, location: 2F 1-2: Ball 2-2: Strikes out swinging
|
|
Batting: RHB Terry Plumley
|
0-0: Called Strike 0-1: Ball 1-1: Ball 2-1: Foul Ball, location: 2F 2-2: Ball 3-2: SINGLE (Groundball, 6MD, EV 105.0 MPH)
|
|
Batting: RHB Bobby Roldan
|
0-0: Ball 1-0: Ball 2-0: Foul Ball, location: 2F 2-1: Ball 3-1: Base on Balls Terry Plumley to second
|
|
Batting: SHB Toby Patenaude
|
0-0: Ball 1-0: Foul Ball, location: 2F 1-1: Ball 2-1: Fly out, F9 (Flyball, 9, EV 85.0 MPH)
|
|
Batting: RHB Dustin Bargman
|
0-0: Called Strike 0-1: Ball 1-1: Foul Ball, location: 2F 1-2: Ball 2-2: Foul Ball, location: 2F 2-2: SINGLE (Line Drive, 9S, EV 101.2 MPH) Terry Plumley to third Bobby Roldan to second
|
|
Batting: RHB Mike Chamberlain
|
0-0: Called Strike 0-1: Ground out U3 (Groundball, 13, EV 85.6 MPH)
|
| Top of the 4th over - 0 runs, 2 hits, 0 errors, 3 left on base; London 3 - Winnipeg 0 |
| BOTTOM OF THE 4TH |
|
Winnipeg Goldeyes batting - Pitching for London Majors : RHP Jon Thomason
|
|
Batting: LHB George Roben
|
0-0: Ball 1-0: Ball 2-0: SINGLE (Flyball, 3D, EV 95.6 MPH)
|
|
Batting: RHB Terry Oetker
|
0-0: SINGLE (Flyball, 5D, EV 95.6 MPH) George Roben to second
|
|
Batting: RHB Alexandre Garcia
|
0-0: 3-RUN HOME RUN (Flyball, 7D, EV 100.0 MPH), Distance : 404 ft
|
|
Batting: SHB Ed Mosqueda
|
0-0: Swinging Strike 0-1: Ball 1-1: Ball 2-1: Foul Ball, location: 2F 2-2: Strikes out looking
|
|
Batting: LHB Shaun Price
|
0-0: SOLO HOME RUN (Flyball, 9LD, EV 90.6 MPH), Distance : 336 ft
|
|
Batting: RHB Nestor Moreno
|
0-0: Ball 1-0: Called Strike 1-1: SOLO HOME RUN (Flyball, 7LD, EV 91.9 MPH), Distance : 351 ft
|
|
Pitching: LHP Frank Cota
|
|
|
Batting: RHB Hisao Takei
|
0-0: Ground out 4-3 (Groundball, 4S, EV 71.9 MPH)
|
|
Batting: LHB Dave Bertheau
|
0-0: Called Strike 0-1: Ball 1-1: Ground out 6-3 (Groundball, 6, EV 100.0 MPH)
|
| Bottom of the 4th over - 5 runs, 5 hits, 0 errors, 0 left on base; London 3 - Winnipeg 5 |
| TOP OF THE 5TH |
|
London Majors batting - Pitching for Winnipeg Goldeyes : LHP Ricky Lopez
|
|
Batting: RHB John Rios
|
0-0: Called Strike 0-1: Ball 1-1: Ball 2-1: Ball 3-1: Base on Balls
|
|
Batting: RHB Jake Bronner
|
0-0: Fly out, F9 (Line Drive, 9, EV 87.5 MPH)
|
|
Batting: RHB Luis Vargas
|
0-0: Called Strike 0-1: Ball 1-1: Foul Ball, location: 2F 1-2: Strikes out swinging
|
|
Batting: RHB Mikey Sano
|
0-0: Ball 1-0: Foul Ball, location: 2F 1-1: Called Strike 1-2: Foul Ball, location: 2F 1-2: Ball 2-2: Strikes out swinging
|
| Top of the 5th over - 0 runs, 0 hits, 0 errors, 1 left on base; London 3 - Winnipeg 5 |
| BOTTOM OF THE 5TH |
|
Winnipeg Goldeyes batting - Pitching for London Majors : LHP Frank Cota
|
|
Batting: RHB Chris Bejarano
|
0-0: Ball 1-0: Ball 2-0: Fly out, F9 (Flyball, 9, EV 90.6 MPH)
|
|
Batting: LHB George Roben
|
0-0: Ball 1-0: Ball 2-0: Called Strike 2-1: Called Strike 2-2: Ground out U3 (Groundball, 3S, EV 80.0 MPH)
|
|
Batting: RHB Terry Oetker
|
0-0: Ball 1-0: Ground out 6-3 (Groundball, 56D, EV 92.5 MPH)
|
| Bottom of the 5th over - 0 runs, 0 hits, 0 errors, 0 left on base; London 3 - Winnipeg 5 |
| TOP OF THE 6TH |
|
London Majors batting - Pitching for Winnipeg Goldeyes : LHP Ricky Lopez
|
|
Batting: RHB Terry Plumley
|
0-0: Ball 1-0: Swinging Strike 1-1: Ball 2-1: Swinging Strike 2-2: Strikes out swinging
|
|
Batting: RHB Bobby Roldan
|
0-0: Ball 1-0: Called Strike 1-1: Ball 2-1: Swinging Strike 2-2: Ball 3-2: Strikes out swinging
|
|
Batting: SHB Toby Patenaude
|
0-0: Ball 1-0: Swinging Strike 1-1: Swinging Strike 1-2: Strikes out looking
|
| Top of the 6th over - 0 runs, 0 hits, 0 errors, 0 left on base; London 3 - Winnipeg 5 |
| BOTTOM OF THE 6TH |
|
Winnipeg Goldeyes batting - Pitching for London Majors : LHP Frank Cota
|
|
Batting: RHB Alexandre Garcia
|
0-0: Called Strike 0-1: Fly out, F8 (Flyball, 8LD, EV 100.0 MPH)
|
|
Batting: SHB Ed Mosqueda
|
0-0: Called Strike 0-1: Swinging Strike 0-2: Strikes out swinging
|
|
Batting: LHB Shaun Price
|
0-0: Called Strike 0-1: Called Strike 0-2: Strikes out looking
|
| Bottom of the 6th over - 0 runs, 0 hits, 0 errors, 0 left on base; London 3 - Winnipeg 5 |
| TOP OF THE 7TH |
|
London Majors batting - Pitching for Winnipeg Goldeyes : LHP Ricky Lopez
|
|
Pitching: LHP Bobby Shaw
|
|
|
Batting: RHB Dustin Bargman
|
0-0: DOUBLE (Groundball, 3L, EV 106.2 MPH)
|
|
Batting: RHB Mike Chamberlain
|
0-0: Swinging Strike 0-1: Ball 1-1: Fly out, F8 (Flyball, 8LXD, EV 93.8 MPH) Runner from 2nd tags up, SAFE at 3rd, no throw by CF
|
|
Batting: RHB John Rios
|
0-0: Ball 1-0: Called Strike 1-1: Ground out 6-3 (Groundball, 6, EV 91.9 MPH) Dustin Bargman scores
|
|
Batting: RHB Jake Bronner
|
0-0: Called Strike 0-1: Ball 1-1: Foul Ball, location: 2F 1-2: Ball 2-2: Ball 3-2: Foul Ball, location: 2F 3-2: Base on Balls
|
|
Batting: RHB Luis Vargas
|
0-0: Hit by Pitch Jake Bronner to second
|
|
Batting: RHB Mikey Sano
|
0-0: Called Strike 0-1: Foul Ball, location: 2F 0-2: Ball 1-2: Foul Ball, location: 2F 1-2: Ball 2-2: Ball 3-2: Base on Balls Jake Bronner to third Luis Vargas to second
|
|
Batting: RHB Terry Plumley
|
0-0: Ball 1-0: Ground out 1-3 (Groundball, 13S, EV 71.9 MPH)
|
| Top of the 7th over - 1 run, 1 hit, 0 errors, 3 left on base; London 4 - Winnipeg 5 |
| BOTTOM OF THE 7TH |
|
Winnipeg Goldeyes batting - Pitching for London Majors : LHP Frank Cota
|
|
Batting: RHB Nestor Moreno
|
0-0: Fly out, F7 (Flyball, 7LM, EV 80.0 MPH)
|
|
Batting: RHB Hisao Takei
|
0-0: Ball 1-0: Ball 2-0: Called Strike 2-1: Fly out, F7 (Flyball, 7S, EV 83.1 MPH)
|
|
Batting: LHB Dave Bertheau
|
0-0: Ground out 4-3 (Groundball, 4, EV 98.8 MPH)
|
| Bottom of the 7th over - 0 runs, 0 hits, 0 errors, 0 left on base; London 4 - Winnipeg 5 |
| TOP OF THE 8TH |
|
London Majors batting - Pitching for Winnipeg Goldeyes : LHP Bobby Shaw
|
|
Pitching: RHP Olegário Salsinha
|
|
|
Batting: RHB Bobby Roldan
|
0-0: Called Strike 0-1: Ball 1-1: Foul Ball, location: 2F 1-2: Ball 2-2: Strikes out swinging
|
|
Pinch Hitting: RHB Pete Duncan
|
0-0: Called Strike 0-1: SINGLE (Line Drive, 9LM, EV 98.1 MPH)
|
|
Batting: RHB Dustin Bargman
|
0-0: Ball 1-0: Called Strike 1-1: Fly out, F9 (Flyball, 9D, EV 97.5 MPH)
|
|
Batting: RHB Mike Chamberlain
|
0-0: Foul Ball, location: 2F 0-1: Called Strike 0-2: DOUBLE (Line Drive, 9LS, EV 110.0 MPH) Pete Duncan to third Runner from 3rd tries for Home, SAFE, throw by RF to home
|
|
Batting: RHB John Rios
|
0-0: Ball 1-0: Foul Ball, location: 2F 1-1: Ball 2-1: Ball Wild Pitch! Mike Chamberlain to third 3-1: Base on Balls
|
|
Batting: RHB Jake Bronner
|
0-0: SINGLE (Line Drive, 8RS, EV 108.1 MPH) Mike Chamberlain scores John Rios to second
|
|
Pinch Runner at 2nd Jorge Cruz:
|
|
|
Batting: RHB Luis Vargas
|
0-0: Ball 1-0: Called Strike 1-1: Ball 2-1: SINGLE (Flyball, 34D, EV 83.8 MPH) Jorge Cruz to third Jake Bronner to second Runner from 3rd tries for Home, throw by RF and OUT! 9-2
|
| Top of the 8th over - 2 runs, 4 hits, 0 errors, 2 left on base; London 6 - Winnipeg 5 |
| BOTTOM OF THE 8TH |
|
Winnipeg Goldeyes batting - Pitching for London Majors : LHP Frank Cota
|
|
Now in LF: Rudolph Lentz
|
|
|
Batting: RHB Chris Bejarano
|
0-0: Called Strike 0-1: SINGLE (Groundball, 56S, EV 83.1 MPH) (infield hit)
|
|
Pitching: RHP Josh Long
|
|
|
Batting: LHB George Roben
|
0-0: Ball 1-0: Ball 2-0: Called Strike 2-1: Ball 3-1: Called Strike 3-2: Base on Balls Chris Bejarano to second
|
|
Pinch Hitting: RHB Josh Harmon
|
0-0: Ball 1-0: Foul Ball, location: 2F 1-1: Foul Ball, location: 2F 1-2: Fly out, F9 (Flyball, 89S, EV 87.5 MPH)
|
|
Batting: RHB Alexandre Garcia
|
0-0: Ball 1-0: Called Strike 1-1: Ball 2-1: Swinging Strike 2-2: Strikes out swinging
|
|
Batting: SHB Ed Mosqueda
|
0-0: Called Strike 0-1: Ball 1-1: Ball 2-1: Called Strike 2-2: Strikes out looking
|
| Bottom of the 8th over - 0 runs, 1 hit, 0 errors, 2 left on base; London 6 - Winnipeg 5 |
| TOP OF THE 9TH |
|
London Majors batting - Pitching for Winnipeg Goldeyes : RHP Olegário Salsinha
|
|
Pitching: RHP Karel Braaksma
|
|
|
Now at 1B: Nadhir Umayr
|
|
|
Batting: RHB Mikey Sano
|
0-0: Called Strike 0-1: Swinging Strike 0-2: Foul Ball, location: 2F 0-2: Ball 1-2: Strikes out swinging
|
|
Batting: RHB Terry Plumley
|
0-0: Foul Ball, location: 2F 0-1: DOUBLE (Flyball, 89XD, EV 111.2 MPH)
|
|
Batting: RHB Bobby Roldan
|
0-0: Intentional Walk
|
|
Pinch Runner at 2nd Mark Noftall:
|
|
|
Batting: RHB Rudolph Lentz
|
0-0: Called Strike 0-1: Ball 1-1: Ball 2-1: Fly out, F7 (Flyball, 7LMF, EV 83.1 MPH)
|
|
Batting: RHB Dustin Bargman
|
0-0: Foul Ball, location: 2F 0-1: Ball 1-1: Ball 2-1: Ground out 5-3 (Groundball, 56S, EV 60.6 MPH)
|
| Top of the 9th over - 0 runs, 1 hit, 0 errors, 2 left on base; London 6 - Winnipeg 5 |
| BOTTOM OF THE 9TH |
|
Winnipeg Goldeyes batting - Pitching for London Majors : RHP Josh Long
|
|
Pitching: RHP Dave Vandehey
|
|
|
Now at 3B: Lao-che Zhu
|
|
|
Batting: LHB Shaun Price
|
0-0: SINGLE (Groundball, 4MD, EV 93.8 MPH)
|
|
Pinch Hitting: LHB Jose Hilario
|
0-0: Ball 1-0: Called Strike 1-1: Ball 2-1: 2-RUN HOME RUN (Flyball, 9D, EV 100.6 MPH), Distance : 376 ft
|
| Bottom of the 9th over - 2 runs, 2 hits, 0 errors, 0 left on base; London 6 - Winnipeg 7 |
|